 Dungeon Crawl Stone Soup version 0.21.1-1-g345015f (webtiles) character file.

81 raistware the Magician (level 4, -1/30 HPs)
             Began as a Mummy Wizard on Mar 31, 2018.
             Slain by an orc priest
             ... wielding a +0 club
              (5 damage)
             ... on level 3 of the Dungeon.
             The game lasted 00:13:01 (3142 turns).

raistware the Magician (Mummy Wizard)               Turns: 3142, Time: 00:13:02

Health: -1/30      AC:  2    Str: 10    XL:     4   Next: 19%
Magic:  0/12       EV: 12    Int: 18    God:
Gold:   176        SH:  0    Dex: 10    Spells: 4/15 levels left

rFire    . . .     SeeInvis .   f - +0 short sword
rCold    . . .     Gourm    .   (no shield)
rNeg     + + +     Faith    .   a - +0 robe
rPois    ∞         Spirit   .   b - +0 hat
rElec    .         Reflect  .   (no cloak)
rCorr    .         Harm     .   (no gloves)
MR       .....                  (no boots)
Stlth    ++........             (no amulet)
HPRegen  0.10/turn              e - ring of fire
MPRegen  0.13/turn              (no ring)

@: very slightly contaminated
A: no food or potions, fire vulnerability, cold resistance 1, negative energy
resistance 3, torment resistance, unbreathing
a: no special abilities


You were on level 3 of the Dungeon.
You were not hungry.

You visited 1 branch of the dungeon, and saw 3 of its levels.

You collected 176 gold pieces.

Inventory:

Hand Weapons
 f - a +0 short sword (weapon)
Armour
 a - a +0 robe (worn)
 b - a +0 hat (worn)
Jewellery
 e - a ring of fire (left hand)
Scrolls
 g - 3 scrolls of enchant armour
 h - a scroll of identify
 i - a scroll of enchant weapon {unknown}
 j - a scroll of remove curse
 l - a scroll of teleportation {unknown}
Books
 c - a book of Minor Magic

   Spells                             Type                      Level
   a - Magic Dart                     Conjuration                  1
   b - Blink                          Translocation                2
   c - Call Imp                       Summoning                    2
   d - Slow                           Hexes                        2
   e - Conjure Flame                  Conjuration/Fire             3
   f - Mephitic Cloud                 Conjuration/Poison/Air       3


   Skills:
 - Level 1.5 Dodging
 - Level 1.5 Stealth
 + Level 6.4 Spellcasting
 - Level 0.7 Conjurations
 - Level 0.7 Summonings
 - Level 0.7 Translocations


You had 4 spell levels left.
You knew the following spells:

 Your Spells              Type           Power        Failure   Level  Hunger
a - Magic Dart            Conj           #...         9%          1    N/A
b - Blink                 Tloc           N/A          13%         2    N/A
c - Call Imp              Summ           #.......     13%         2    N/A
d - Conjure Flame         Conj/Fire      ##......     30%         3    N/A
e - Mephitic Cloud        Conj/Pois/Air  #.......     30%         3    N/A

Dungeon Overview and Level Annotations

Branches:
Dungeon (3/15)

Altars:


Innate Abilities, Weirdness & Mutations

You do not eat or drink.
Your flesh is vulnerable to fire.
You are immune to poison.
Your flesh is cold resistant. (rC+)
You are immune to negative energy. (rN+++)
You are immune to unholy pain and torment.
You can survive without breathing.


Message History

Press: ? - help, Shift-Dir - straight line, f/p - orc priest
Aim: an orc priest, wielding a club and wearing a scale mail (severely wounded)
You miscast Magic Dart.
You are very lightly contaminated with residual magic.
Your skin glows momentarily.
The orc priest barely misses you.
You are too injured to fight recklessly!
You hit the orc priest but do no damage.
The orc priest is severely wounded.
The orc priest hits you with a club!
* * * LOW HITPOINT WARNING * * *
You hit the orc priest but do no damage.
The orc priest is severely wounded.
The orc priest barely misses you.
You barely miss the orc priest.
The orc priest is severely wounded.
The orc priest barely misses you.
You hit the orc priest.
The orc priest is almost dead.
The orc priest hits you with a club.
You die...

##+## ##...##
##.....##
##....@o(##
...####.........#
......+........)+
...####.........#
##.......##
##.....## ##..<##
##### ##)## ...
#(#


You could see an orc priest.

Vanquished Creatures
  An adder (D:2)
  An ooze (D:1)
  A worm (D:2)
  3 dart slugs
  2 leopard geckos
  4 bats
  A giant cockroach (D:2)
  9 goblins
  3 hobgoblins
  7 jackals
  A ball python (D:3)
  7 frilled lizards
  8 kobolds
  8 rats
56 creatures vanquished.

Vanquished Creatures (collateral kills)
  A bat (D:1)
1 creature vanquished.

Grand Total: 57 creatures vanquished

Notes
Turn   | Place    | Note
-------+----------+-------------------------------------------
     0 | D:1      | raistware the Mummy Wizard began the quest for the Orb.
     0 | D:1      | Reached XP level 1. HP: 13/13 MP: 5/5
   426 | D:1      | Reached XP level 2. HP: 11/19 MP: 0/7
   551 | D:1      | Learned a level 2 spell: Blink
   554 | D:1      | Learned a level 2 spell: Call Imp
   825 | D:1      | Reached skill level 5 in Spellcasting
  1042 | D:1      | Reached XP level 3. HP: 22/24 MP: 3/9
  1352 | D:1      | Learned a level 3 spell: Conjure Flame
  1356 | D:1      | Learned a level 3 spell: Mephitic Cloud
  2191 | D:2      | Reached skill level 6 in Spellcasting
  2580 | D:2      | Reached XP level 4. HP: 27/30 MP: 1/12
  3142 | D:3      | Slain by an orc priest

Skill      XL: |  1  2  3 |
---------------+----------+-----
Spellcasting   | 5 6 |  6.4
Dodging        | |  1.5
Stealth        | |  1.5
Conjurations   | |  0.7
Summonings     | |  0.7
Translocations | |  0.7

Action                   |  1- 3 |  4- 6 || total
-------------------------+-------+-------++-------
Melee: Unarmed           |     8 |       ||     8
       Short sword       |    65 |    16 ||    81
Throw: Javelin           |       |     3 ||     3
 Cast: Magic Dart        |   119 |    23 ||   142
       Call Imp          |     1 |       ||     1
       Mephitic Cloud    |     3 |     1 ||     4
       Conjure Flame     |     1 |     1 ||     2
  Use: Scroll            |       |     3 ||     3
 Stab: Confused          |     2 |       ||     2
Armor: Robe              |    18 |     2 ||    20
Dodge: Dodged            |    58 |    13 ||    71
